 Dungeon Crawl Stone Soup version 0.30.0-18-gc0e69614cb (webtiles) character file.

Game seed: 14788778602694335850

46 Irreverend the Insei (level 3, -1/29 HPs)
             Began as a Demigod Transmuter on May 25, 2023.
             Slain by a scorpion (5 damage)
             ... on level 2 of the Dungeon.
             The game lasted 00:03:15 (1217 turns).

Irreverend the Insei (Demigod Transmuter)           Turns: 1217, Time: 00:03:16

Health: -1/29      AC:  2    Str: 11    XL:     3   Next: 27%
Magic:  7/8        EV: 13    Int: 15    God:
Gold:   148        SH:  0    Dex: 20    Spells: 4/5 levels left

rFire   . .          .
                       - Unarmed
rCold   . . .        (no shield)
rNeg    . . .        a - +0 robe
rPois   +            (helmet currently unavailable)
rElec   .            (no cloak)
rCorr   +            (no gloves)
SInv    .            (boots currently unavailable)
Will    .....        (no amulet)
Stlth   ++           m - ring "Kakim" {rPois rCorr Int-4 Dex+6}
HPRegen 0.24/turn    (no ring)
MPRegen 0.11/turn

%: no passive effects
@: lethally poisoned (-1 -> -5), appendages
A: horns 2, talons 2, high MP 1, forlorn, divine attributes
a: End Transformation


You were on level 2 of the Dungeon.
You had temporarily grown beastly horns and talons.
You visited 1 branch of the dungeon, and saw 2 of its levels.

You collected 148 gold pieces.

Inventory:

Armour
 a - a +0 robe (worn)
 h - a +0 pair of gloves
Jewellery
 m - the ring "Kakim" (left hand) {rPois rCorr Int-4 Dex+6}
   (You found it on level 2 of the Dungeon)

   [ring of dexterity]

   Int:       It affects your intelligence (-4).
   Dex:       It affects your dexterity (+6).
   rPois:     It protects you from poison.
   rCorr:     It protects you from acid and corrosion.
Scrolls
 c - a scroll of silence {unknown}
 d - a scroll of identify {unknown}
 e - 2 scrolls of teleportation {unknown}
 i - a scroll of torment {unknown}
 j - a scroll of magic mapping {unknown}
 k - a scroll of vulnerability {unknown}
Potions
 b - a potion of lignification
 f - a potion of magic {unknown}
 g - a potion of curing {unknown}
 l - a potion of mutation {unknown}
 n - a potion of attraction {unknown}


   Skills:
 + Level 1.8 Fighting
 + Level 2.4 Dodging
 * Level 3.2 Unarmed Combat
 - Level 1.7 Spellcasting
 + Level 1.7 Transmutations


You had 4 spell levels left.
You knew the following spells:

 Your Spells              Type           Power      Damage    Failure   Level
a - Beastly Appendage     Tmut           12%        N/A       11%         1

Your spell library contained the following spells:

 Spells                   Type           Power      Damage    Failure   Level
 Wereblood                Tmut           6%         N/A       17%         2
 Spider Form              Tmut/Pois      3%         N/A       43%         3
 Ozocubu's Armour         Ice            1%         N/A       56%         3
 Ice Form                 Ice/Tmut       3%         N/A       85%         4
 Metabolic Englaciation   Hex/Ice        0%         N/A       99%         5
 Simulacrum               Ice/Necr       0%         N/A       100%        6


Dungeon Overview and Level Annotations

Branches:
Dungeon (2/15)


Innate Abilities, Weirdness & Mutations

You have temporarily grown beastly horns and talons.
You have an increased reservoir of magic. (+10% MP)
You shall have no god before yourself.
Your divine heritage dramatically boosts your attributes as you level up.


Message History

You hit the scorpion but do no damage. Your kick misses the scorpion.
Your headbutt misses the scorpion.
The scorpion is almost dead.
The scorpion barely misses you.
You closely miss the scorpion. Your kick misses the scorpion.
The scorpion is almost dead.
Your horns disappear.
Your talons disappear.
The scorpion completely misses you.
You hit the scorpion.
The scorpion is almost dead.
The scorpion completely misses you.
You barely miss the scorpion.
The scorpion is almost dead.
The scorpion stings you.
You are poisoned.
The scorpion poisons you! The scorpion closely misses you.
You barely miss the scorpion.
The scorpion is almost dead.
You feel very sick. The scorpion misses you.
You closely miss the scorpion.
The scorpion is almost dead.
You feel very sick. The scorpion stings you.
Casting: Beastly Appendage (safe; 11% risk of failure)
Confirm with . or Enter, or press ? or * to list all spells.
You grow a pair of large bovine horns.
Your feet morph into talons.
You feel sick. The scorpion stings you.
* * * LOW HITPOINT WARNING * * *
You closely miss the scorpion.
You claw the scorpion, but do no damage.
The scorpion is almost dead.
* * * LOW HITPOINT WARNING * * *
You feel sick.
The scorpion stings you but does no damage.
You hit the scorpion but do no damage.
The scorpion is almost dead.
* * * LOW HITPOINT WARNING * * *
You feel sick. The scorpion stings you.
You die...

#.##### #.# #.#.#
#.#... #.# #.#.#
#.#.########.#
#.#.#
#.............
#.#.# #
##.#.#........ ##
#.<.#.######. #.
##..#.# # #.
##..#.# #######.#
#.
#...#.#####..s@...#
##
...#........#######
#
.#..#.##....#######
#.##.##...........
#. #.........#####
###### #
.......s.># ......
...........# ######
.........###
#####.....


You could see a scorpion.

Vanquished Creatures
  3 dart slugs
  4 bats
  4 endoplasms (D:1)
  2 goblins (D:1)
  4 hobgoblins
  2 jackals (D:1)
  3 kobolds
  4 quokkas
  3 ball pythons
  2 frilled lizards
  5 rats
36 creatures vanquished.

Notes
Turn   | Place    | Note
-------+----------+-------------------------------------------
     0 | D:1      | Irreverend the Demigod Transmuter began the quest for the
                  | Orb.
     0 | D:1      | Reached XP level 1. HP: 15/15 MP: 5/5
    87 | D:1      | Reached skill level 1 in Fighting
   208 | D:1      | Reached XP level 2. HP: 23/23 MP: 5/7
   293 | D:1      | Reached skill level 3 in Unarmed Combat
   783 | D:2      | Reached XP level 3. HP: 29/29 MP: 6/8
   902 | D:2      | Identified the ring "Kakim" {rPois rCorr Int-4 Dex+6}
  1178 | D:2      | Noticed a scorpion
  1217 | D:2      | Slain by a scorpion

Illustrated notes

Levels and vault maps discovered:
D:1:      dpeg_arrival_leaves_temple_mockup, layout_rooms, grunt_decor_arrowhead
D:2:      layout_loops_ring, minivault_27, minmay_misc_feat_ornament,
          grunt_decor_clamped

Skill      XL: |  1  2 |
---------------+-------+-----
Fighting       | 1 |  1.8
Dodging        | 2 |  2.4
Unarmed Combat | 3 |  3.2
Spellcasting   | |  1.7
Transmutations | |  1.7

Action                     || total
---------------------------++-------
  Melee: Unarmed           ||   104
         Headbutt          ||    13
         Kick              ||    21
         Punch             ||     1
   Cast: Beastly Appendage ||    26
   Stab: Sleeping          ||     1
 Armour: Robe              ||    26
  Dodge: Dodged            ||    91
